cohdb
Replays
Latest Replays
All Replays
Popular Replays
Top Player Replays
Match Explorer
How It Works
Community
CoH3 Stats
Reddit
Sign in to upload your games and track your stats! →
Sign in with Steam
Match 38798803
Unlisted
Match 38798803
Overview
Messages
Build Orders
End
Construct Infanterie Kompanie
Pioneer Squad
MG 42 Machine Gun Team
GrW 34 Mortar Team
Pioneer Squad
Grenadier Squad
Construct Panzergrenadier Kompanie
Construct Luftwaffe Kompanie
Selects Breakthrough Battlegroup
Selects Assault Grenadiers
Selects Breakthrough
Breakthrough
Jäger Squad
Medical Station
Support Elements
Jäger Squad
Breakthrough
Selects Rapid Production
Pioneer Squad
Wirbelwind Flakpanzer
Jäger Squad
Construct Panzergrenadier Kompanie
Selects Incendiary Bombing Run
Selects Blitzkrieg
Nebelwerfer 42 Rocket Launcher Team
Wirbelwind Flakpanzer
Nebelwerfer 42 Rocket Launcher Team
Luftwaffe Officer Quarters
Pioneer Squad
Incendiary Bombing Run
Breakthrough
Marder III M Tank Destroyer
MG 42 Machine Gun Team
Incendiary Bombing Run
Jäger Squad
Wirbelwind Flakpanzer
Incendiary Bombing Run
Wirbelwind Flakpanzer
Blitzkrieg
Incendiary Bombing Run
Marder III M Tank Destroyer
MG 42 Machine Gun Team
251 Medium Carrier
Incendiary Bombing Run
桂妮薇尔
AI-Crazy
DaMayzr
PurePinoy
0
0
Comments
sign in to comment!
No comments posted yet!